 Dungeon Crawl Stone Soup version 0.29.1-2-gbd0b4ee654 (webtiles) character file.

Game seed: 14194549556456512850

33969 MaxHasHax6295 the Severer (level 13, -17/117 HPs)
             Began as a Minotaur Berserker on Nov 1, 2022.
             Was an Elder of Trog.
             Killed from afar by a deep elf pyromancer (23 damage)
             ... with a bolt of fire
             ... on level 2 of the Elven Halls.
             The game lasted 00:52:27 (22620 turns).

MaxHasHax6295 the Severer (Minotaur Berserker)     Turns: 22620, Time: 00:52:28

Health: -17/117    AC: 30    Str: 32    XL:     13   Next: 39%
Magic:  0/12       EV: 13    Int:  4    God:    Trog [****..]
Gold:   603        SH:  6    Dex: 17    Spells: 12/12 levels left

rFire   . . .      SeeInvis .   Y - +5 war axe (vorpal)
rCold   . . .      Faith    .   k - +2 buckler
rNeg    . . .      Spirit   +   R - +18 Lear's hauberk
rPois   .          Reflect  .   (helmet currently unavailable)
rElec   .          Harm     .   (no cloak)
rCorr   .          Rampage  .   (gloves currently unavailable)
Will    .....                   (boots currently unavailable)
Stlth   ..........              y - amulet of guardian spirit
HPRegen 0.29/turn               g - +6 ring of dexterity
MPRegen 0.13/turn               j - +6 ring of strength

@: on berserk cooldown, slowed, very slow
A: horns 2, retaliatory headbutt
a: Renounce Religion, Berserk, Trog's Hand, Brothers in Arms


You were on level 2 of the Elven Halls.
You worshipped Trog.
Trog was greatly pleased with you.
You visited 3 branches of the dungeon, and saw 15 of its levels.

You collected 1356 gold pieces.
You spent 753 gold pieces at shops.

Inventory:

Hand Weapons
 a - a +0 hand axe
 Q - a +3 morningstar
 Y - a +5 vorpal war axe (weapon)
Missiles
 o - 7 boomerangs (quivered)
 z - 2 throwing nets
 N - 2 silver boomerangs
Armour
 k - a +2 buckler (worn)
 R - the +18 Lear's hauberk (worn)
   (You found it on level 8 of the Dungeon)
Jewellery
 g - a +6 ring of dexterity (left hand)
 j - a +6 ring of strength (right hand)
 v - a ring of see invisible
 y - an amulet of guardian spirit (around neck)
Wands
 c - a wand of digging (5)
 t - a wand of paralysis (17)
 J - a wand of flame (64)
 S - a wand of iceblast (11)
 Z - a wand of quicksilver (8)
Scrolls
 b - 3 scrolls of fear
 d - a scroll of brand weapon {unknown}
 m - 2 scrolls of amnesia
 n - a scroll of summoning {unknown}
 p - 2 scrolls of immolation
 r - a scroll of butterflies {unknown}
 s - 5 scrolls of teleportation
 A - 2 scrolls of magic mapping
 E - a scroll of vulnerability {unknown}
 F - a scroll of blinking {unknown}
 M - 2 scrolls of enchant armour
 P - 2 scrolls of silence
 U - 3 scrolls of poison
Potions
 e - 4 potions of might
 f - 2 potions of invisibility {unknown}
 h - 2 potions of cancellation
 i - 8 potions of heal wounds
 q - 3 potions of ambrosia
 u - 8 potions of curing
 w - 3 potions of attraction {unknown}
 x - 4 potions of berserk rage
 B - a potion of mutation {unknown}
 K - a potion of magic {unknown}
 L - 3 potions of haste
 V - a potion of lignification {unknown}
 X - a potion of resistance {unknown}


   Skills:
 + Level 11.7 Fighting
 + Level 17.3(18.2) Axes
 + Level 9.2(14.3) Maces & Flails
 + Level 4.8 Throwing
 + Level 11.4 Armour
 + Level 7.5 Dodging
 + Level 5.1 Stealth
 - Level 0.5 Evocations


You had 12 spell levels left.
You didn't know any spells.
Your spell library was empty.

Dungeon Overview and Level Annotations

Branches:
Dungeon (11/15)            Temple (0/1) D:5            Lair (0/5) D:9
    Orc (2/2) D:10            Elf (2/3) Orc:2

Altars:
Ashenzari
Cheibriados
Fedhas
Hepliaklqana
Kikubaaqudgha
Makhleb
Okawaru
Qazlal
Sif Muna
Trog
Uskayaw
Vehumet
Wu Jian
Xom
Yredelemnul
The Shining One

Shops:
D:3 :   D:6 *[[*(*   Orc:2 :?![   Elf:2 :

Annotations:
D:9 2 transporters


Innate Abilities, Weirdness & Mutations

You have a pair of horns on your head.
You reflexively headbutt those who attack you in melee.


Message History

Something blocks your attack.
Your headbutt misses something. Something hits you!
The deep elf archer shoots an arrow.
The deep elf pyromancer gestures wildly while chanting.
The deep elf pyromancer blinks!
Something hits you but does no damage.
You slash the deep elf pyromancer!
The deep elf pyromancer is heavily wounded.
Something blocks your attack.
The deep elf archer shoots an arrow.
You hear some strange, mumbled words.
A shard of ice appears from out of thin air!
The shard of ice hits you!!!
* * * LOW HITPOINT WARNING * * *
You hear some strange, mumbled words.
A lance of force appears from out of thin air!
You block the lance of force.
The deep elf pyromancer hits you but does no damage.
The deep elf archer shoots an arrow.
As you read the scroll of teleportation, it crumbles to dust.
You feel strangely unstable.
You hear some strange, mumbled words.
A lance of force appears from out of thin air!
Something blocks the lance of force.
The deep elf pyromancer gestures wildly while chanting.
The deep elf pyromancer blinks!
You hear some strange, mumbled words.
A lance of force appears from out of thin air!
The lance of force hits you!!
* * * LOW HITPOINT WARNING * * *
You are knocked back by the lance of force.
You collide with the deep elf pyromancer!
The deep elf pyromancer dies!
The fire elemental disappears in a puff of smoke!
The deep elf archer shoots an arrow.
The arrow hits you but does no damage.
Things that are here:
a +0 short sword; a +0 leather armour Your surroundings suddenly seem different.
A deep elf knight and 2 deep elf pyromancers come into view.
The deep elf knight shouts!
The deep elf pyromancer shouts!
You hear a shout!
The deep elf pyromancer gestures at you while chanting.
The bolt of fire hits you!!
You die...

...# # .... ..
..e.. ... .....
.e.. ......
..... #......
......##.......
.......@.......
...............
#..e...........
#.............#
##...........##
#..........##
#............
..............


You could see a deep elf knight and 2 deep elf pyromancers.

Vanquished Creatures
  A deep elf sorcerer (Elf:1)
  A deep elf death mage (Elf:1)
  Erolcha (D:10)
  2 ogre magi (Orc:2)
  3 two-headed ogres
  4 dancing weapons (Elf:1)
  Urug (D:11)
  3 deep elf knights
  4 deep elf archers (Elf:1)
  Pikel (D:4)
  6 deep elf pyromancers
  An orc knight (Orc:1)
  7 orc sorcerers (Orc:2)
  5 deep elf zephyrmancers
  A manticore (D:11)
  A gargoyle (D:11)
  An unseen horror (D:10)
  A kobold demonologist (D:10)
  4 trolls
  Grinder (D:4)
  An air elemental (Elf:1)
  A wraith (D:10)
  A water elemental (Elf:2)
  6 large abominations
  Eustachio (D:6)
  8 yaks
  A warg (Orc:2)
  Edmund (D:6)
  An acid dragon (D:11)
  2 water moccasins
  2 black bears
  14 orc warriors
  2 swamp drakes
  2 ice beasts
  3 hornet zombies (D:7)
  9 ogres
  2 phantoms
  A centaur (D:11)
  3 lemures (D:4)
  2 kobold brigands (D:6)
  A necrophage (D:6)
  Blork the orc (D:4)
  2 bullfrogs
  3 elf zombies (Elf:1)
  2 scorpions
  3 wyvern zombies (D:7)
  12 wights (D:7)
  11 killer bees
  A howler monkey (D:11)
  An electric eel (D:11)
  A crimson imp (Orc:2)
  2 centaur zombies (D:7)
  A jelly (D:7)
  A bullfrog zombie (D:7)
  4 hounds
  4 gnoll boudas
  12 orc priests
  5 iguanas
  An iron imp (Orc:2)
  Jessica (D:2)
  Ijyb (D:3)
  Terence (D:2)
  35 orc wizards
  A killer bee zombie (D:7)
  A mummy (D:10)
  A howler monkey zombie (D:7)
  16 gnolls
  7 adders
  A shadow imp (Orc:2)
  A white imp (Orc:2)
  An ufetubus (D:6)
  3 worms
  54 orcs
  An endoplasm (D:1)
  4 giant cockroaches
  7 goblins
  5 hobgoblins
  2 jackals (D:1)
  7 quokkas
  11 ball pythons
  6 bats
  5 frilled lizards
  20 kobolds
  4 rats
376 creatures vanquished.

Vanquished Creatures (collateral kills)
  A deep elf zephyrmancer (Elf:1)
  An orc sorcerer (Orc:2)
  3 kobold brigands (D:10)
  3 kobolds (D:10)
8 creatures vanquished.

Vanquished Creatures (others)
  A deep elf knight (Elf:2)
  A deep elf pyromancer (Elf:2)
  An orc wizard (Orc:2)
  2 orcs (Orc:2)
  A kobold (D:10)
  7 fungi (D:7)
  14 withered plants (D:7)
27 creatures vanquished.

Grand Total: 411 creatures vanquished

Notes
Turn   | Place    | Note
-------+----------+-------------------------------------------
     0 | D:1      | MaxHasHax6295 the Minotaur Berserker began the quest for
                  | the Orb.
     0 | D:1      | Reached XP level 1. HP: 19/19 MP: 0/0
   425 | D:1      | Reached XP level 2. HP: 18/27 MP: 1/1
   661 | D:1      | Reached skill level 4 in Axes
  1751 | D:2      | Reached XP level 3. HP: 34/34 MP: 2/2
  1799 | D:2      | Noticed Jessica
  1801 | D:2      | Killed Jessica
  1853 | D:2      | Reached XP level 4. HP: 40/41 MP: 3/3
  1853 | D:2      | Reached ** piety under Trog
  2045 | D:2      | Identified the +3 leather armour "Fipsubam" {rC+ SInv}
  2281 | D:2      | Noticed Terence
  2287 | D:2      | Reached skill level 5 in Axes
  2290 | D:2      | Killed Terence
  2508 | D:2      | Reached XP level 5. HP: 47/47 MP: 4/4
  2577 | D:3      | Found a faded altar of an unknown god.
  2676 | D:3      | Found Naetamp's Book Shop.
  3027 | D:3      | Reached skill level 5 in Fighting
  3402 | D:4      | Noticed Ijyb
  3411 | D:3      | Reached skill level 1 in Stealth
  3417 | D:3      | Killed Ijyb
  3472 | D:4      | Reached skill level 6 in Axes
  3472 | D:4      | Reached XP level 6. HP: 55/56 MP: 5/5
  4114 | D:4      | Noticed Pikel
  4122 | D:4      | Noticed Grinder
  4127 | D:4      | Killed Pikel
  4128 | D:4      | Reached skill level 7 in Axes
  4128 | D:4      | Reached XP level 7. HP: 63/63 MP: 6/6
  4141 | D:4      | Killed Grinder
  4142 | D:4      | Reached skill level 8 in Axes
  4142 | D:4      | Reached XP level 8. HP: 32/71 MP: 7/7
  4480 | D:4      | Noticed Blork the orc
  4487 | D:4      | Killed Blork the orc
  4804 | D:5      | Entered Level 5 of the Dungeon
  4828 | D:5      | Reached skill level 9 in Axes
  4989 | D:5      | Found a staircase to the Ecumenical Temple.
  5566 | D:5      | Found a shimmering altar of Xom.
  5570 | D:5      | Found a glowing golden altar of the Shining One.
  5570 | D:5      | Found a burning altar of Makhleb.
  5571 | D:5      | Found a blossoming altar of Fedhas.
  5573 | D:5      | Found an ancient bone altar of Kikubaaqudgha.
  5574 | D:5      | Found a radiant altar of Vehumet.
  5713 | D:6      | Found Diumoiru's Antique Armour Shoppe.
  5742 | D:6      | Found Icapamm's Antique Armour Shop.
  5750 | D:6      | Bought a pair of embroidered gloves for 195 gold pieces
  5898 | D:6      | Found Jaelac's General Store.
  5975 | D:6      | Found a hazy altar of Hepliaklqana.
  5978 | D:6      | Found an iron altar of Okawaru.
  5980 | D:6      | Found a hide-covered altar of Uskayaw.
  5981 | D:6      | Found a basalt altar of Yredelemnul.
  6089 | D:6      | Reached *** piety under Trog
  6091 | D:6      | Found Ischaj's Weapon Emporium.
  6322 | D:6      | Reached skill level 10 in Axes
  6327 | D:6      | Noticed Edmund
  6349 | D:6      | Killed Edmund
  6350 | D:6      | Reached XP level 9. HP: 65/79 MP: 6/8
  6423 | D:6      | Found Odoq's Assorted Antiques.
  6426 | D:6      | Found Done's CLEARANCE SALE!.
  6435 | D:6      | Reached skill level 5 in Dodging
  6513 | D:6      | Noticed Eustachio
  6520 | D:6      | Killed Eustachio
  6554 | D:6      | Bought a potion of heal wounds for 20 gold pieces
  6770 | D:6      | Reached skill level 5 in Armour
  6916 | D:7      | Reached skill level 11 in Axes
  7944 | D:7      | Reached skill level 12 in Axes
  8265 | D:7      | Reached XP level 10. HP: 82/87 MP: 9/9
  8355 | D:7      | Found a broken altar of Ashenzari.
  8359 | D:7      | Saw a vision of the Shoals and the Snake Pit.
  8359 | D:7      | Noticed a naga mage
  8359 | D:7      | Noticed a naga warrior
  8359 | D:7      | Noticed a merfolk avatar
  8359 | D:7      | Noticed a manticore
  8359 | D:7      | Noticed an anaconda
  8359 | D:7      | Noticed a naga ritualist
  8359 | D:7      | Noticed a salamander
  8359 | D:7      | Noticed a merfolk avatar
  8359 | D:7      | Noticed a merfolk javelineer
  8359 | D:7      | Noticed a sea snake
  8360 | D:7      | Noticed a naga sharpshooter
  8360 | D:7      | Noticed a manticore
  8531 | D:7      | Identified the +0 ring mail of the Pink Corner {Str-3
                  | Dex+6}
  8622 | D:7      | Reached **** piety under Trog
  8795 | D:7      | Reached skill level 13 in Axes
  9030 | D:8      | Found the +18 Lear's hauberk
  9221 | D:8      | Reached skill level 1 in Maces & Flails
  9595 | D:9      | Noticed a white ugly thing
  9595 | D:9      | Found an ornate altar of the Wu Jian Council.
  9595 | D:9      | Found a stormy altar of Qazlal.
  9598 | D:9      | Noticed a green ugly thing
  9604 | D:9      | Found a transporter.
  9617 | D:9      | Found a transporter.
  9627 | D:9      | Noticed a cyclops
  9627 | D:9      | Noticed a centaur warrior
  9627 | D:9      | Noticed a cyan ugly thing
  9627 | D:9      | Noticed a centaur warrior
 10075 | D:9      | Noticed an orc knight
 10123 | D:9      | Found a staircase to the Lair.
 10282 | D:10     | Entered Level 10 of the Dungeon
 10290 | D:10     | Noticed a two-headed ogre
 10299 | D:10     | Killed a two-headed ogre
 10366 | D:10     | Found a snail-covered altar of Cheibriados.
 10440 | D:10     | Reached skill level 5 in Maces & Flails
 10660 | D:10     | Found a bloodstained altar of Trog.
 10706 | D:10     | Noticed a smoke demon
 10709 | D:10     | Reached skill level 1 in Throwing
 10843 | D:10     | Noticed a two-headed ogre
 10850 | D:10     | Killed a two-headed ogre
 10851 | D:10     | Reached XP level 11. HP: 95/95 MP: 10/10
 11219 | D:10     | Noticed Erolcha
 11231 | D:10     | Killed Erolcha
 11465 | D:10     | Found a staircase to the Orcish Mines.
 11620 | D:6      | Bought a +2 vorpal battleaxe for 238 gold pieces
 11842 | D:11     | Reached skill level 5 in Stealth
 12477 | D:11     | Noticed a two-headed ogre
 12485 | D:11     | Killed a two-headed ogre
 13058 | D:11     | Noticed Urug
 13078 | D:11     | Killed Urug
 13570 | Orc:1    | Entered Level 1 of the Orcish Mines
 13636 | Orc:1    | Noticed an orc knight
 14161 | Orc:1    | Killed an orc knight
 14664 | Orc:2    | Entered Level 2 of the Orcish Mines
 14697 | Orc:2    | Reached skill level 14 in Axes
 14934 | Orc:2    | Noticed an orc sorcerer
 14946 | Orc:2    | Killed an orc sorcerer
 15506 | Orc:2    | Noticed a deep elf zephyrmancer
 15510 | Orc:2    | Killed a deep elf zephyrmancer
 15511 | Orc:2    | Reached XP level 12. HP: 106/106 MP: 7/11
 15617 | Orc:2    | Identified the +3 hat of the Crypt {Fly rElec rC- Regen+}
 15865 | Orc:2    | Found a staircase to the Elven Halls.
 16059 | Orc:2    | Noticed an ogre mage
 16071 | Orc:2    | Killed an ogre mage
 16342 | Orc:2    | Found Zuiwik's Book Emporium.
 16361 | Orc:2    | Paralysed by an orc sorcerer for 2 turns
 16369 | Orc:2    | Reached skill level 10 in Fighting
 16452 | Orc:2    | Found Hacza's Magic Scroll Shoppe.
 16490 | Orc:2    | Found a radiant altar of Vehumet.
 16490 | Orc:2    | Noticed an ogre mage
 16556 | Orc:2    | Reached skill level 15 in Axes
 16689 | Orc:2    | Killed an ogre mage
 16721 | Orc:2    | Found Ganaemun's Antique Armour Emporium.
 16723 | Orc:2    | Found Pagar's Distillery.
 16730 | Orc:2    | Found an ancient bone altar of Kikubaaqudgha.
 16731 | Orc:2    | Reached ***** piety under Trog
 16765 | Orc:2    | Bought a potion of curing for 36 gold pieces
 16765 | Orc:2    | Bought a potion of curing for 36 gold pieces
 16765 | Orc:2    | Bought a potion of heal wounds for 60 gold pieces
 16765 | Orc:2    | Bought a potion of curing for 36 gold pieces
 16765 | Orc:2    | Bought 2 potions of curing for 72 gold pieces
 16765 | Orc:2    | Bought a potion of heal wounds for 60 gold pieces
 17149 | Elf:1    | Entered Level 1 of the Elven Halls
 17523 | Elf:1    | Reached skill level 16 in Axes
 18838 | Elf:1    | Reached skill level 10 in Armour
 19572 | Elf:1    | Noticed a deep elf death mage
 19580 | Elf:1    | Killed a deep elf death mage
 19735 | Elf:1    | Noticed a deep elf sorcerer
 19742 | Elf:1    | Killed a deep elf sorcerer
 19743 | Elf:1    | Reached XP level 13. HP: 116/116 MP: 12/12
 19999 | Elf:1    | Found a shimmering blue altar of Sif Muna.
 20126 | Elf:1    | Paralysed by an air elemental for 1 turns
 20587 | Elf:1    | Reached skill level 17 in Axes
 21835 | Elf:2    | Found Myfekib's Book Shoppe.
 22618 | Elf:2    | HP: 5/117 [something/lance of force (22)]
 22620 | Elf:2    | Killed from afar by a deep elf pyromancer

Illustrated notes

Levels and vault maps discovered:
D:1:      heliophobic_arrival_glass_houses, layout_basic
D:2:      wad_river_or_something, layout_rooms, minivault_5, uniq_jessica,
          uniq_terence
D:3:      layout_basic, chequers_ecumenical_altar_simple, serial_shops, shop,
          chequers_serial_rivers_marsh
D:4:      layout_rooms, st_stairs_5, uniq_grinder, uniq_blork_the_orc,
          uniq_ijyb, uniq_pikel
D:5:      layout_gridville, minitemple, minmay_temple_entry_junction
D:6:      layout_basic, mainiacjoe_overflow_alcove_3, serial_shops,
          nicolae_diamond_shop, nicolae_shop_stone,
          nicolae_shop_advertising_works [nicolae_subvault_shop_adworks], shop,
          nicolae_shop_stone, nicolae_shop_clearance, uniq_eustachio,
          uniq_edmund
D:7:      layout_rooms, grunt_ashenzari_visionary
          [grunt_ashenzari_visionary_shoals, grunt_ashenzari_visionary_snake],
          serial_undead, serial_undead_c, serial_undead_b, serial_undead_b,
          serial_undead_b, serial_undead_b, serial_undead_a, serial_undead_d,
          serial_undead_c, serial_undead_e, serial_undead_e,
          dreamdust_gnoll_farm
D:8:      layout_basic
D:9:      layout_roguey, gammafunk_temple_overflow_arena, lair_entry_dummy,
          hangedman_glass_teeth, onia_ninara_dug_in_and_dangerous
D:10:     layout_gridville, kennysheep_mini_moat, slow_altar_1, erik_orc_1,
          hex_medium, uniq_erolcha
D:11:     layout_roguey, minmay_crystal_water, uniq_urug
Orc:1:    layout_diamond_mine, nicolae_orc_lava_tube
Orc:2:    kennysheep_orc_mage_school, layout_caves, hangedman_minor_magic
Elf:1:    layout_loops_corners, basic_altar, minmay_elf_necromancy
Elf:2:    elven_hall_of_blades_hangedman_original
          [infiniplex_blade_entry_pillars], layout_geoelf_grid, serial_shops,
          shop_coins, shop, nicolae_elf_theology_debate

Skill      XL: |  1  2  3  4  5  6  7  8  9 10 11 12 13 |
---------------+----------------------------------------+-----
Axes           | 4 5 6 7 8 10 12 13 14 16 17 | 17.3
Fighting       | 4 5 6 7 8 9 11 | 11.7
Armour         | 3 4 5 7 8 10 11 | 11.4
Dodging        | 3 4 6 7 |  7.5
Stealth        | 1 2 3 4 5 |  5.1
Maces & Flails | 7 9 |  9.2
Throwing       | 1 3 4 |  4.8
Evocations     | |  0.5

Action                   |  1- 3 |  4- 6 |  7- 9 | 10-12 | 13-15 || total
-------------------------+-------+-------+-------+-------+-------++-------
Melee: Hand axe          |    50 |   127 |   271 |    55 |       ||   503
       Headbutt          |     3 |    21 |    79 |    97 |    14 ||   214
       Punch             |     1 |     1 |     1 |     4 |       ||     7
       Morningstar       |       |       |       |   143 |       ||   143
       Battleaxe         |       |       |       |   249 |       ||   249
       War axe           |       |       |       |     2 |    64 ||    66
Throw: Boomerang         |       |       |     2 |    47 |     8 ||    57
Invok: Berserk           |     2 |     5 |     8 |    19 |     2 ||    36
       Trog's Hand       |       |       |     1 |       |       ||     1
       Brothers in Arms  |       |       |       |     5 |       ||     5
Evoke: Wand              |       |     2 |       |     5 |       ||     7
  Use: Scroll            |     5 |       |     3 |     9 |     4 ||    21
       Potion            |       |       |     1 |       |       ||     1
 Stab: Sleeping          |     1 |     1 |     2 |       |       ||     4
       Paralysed         |       |     5 |       |     6 |       ||    11
       Distracted        |       |       |     1 |     1 |       ||     2
Armor: Animal skin       |     8 |       |       |       |       ||     8
       Chain mail        |     1 |     9 |       |   237 |    34 ||   281
       Leather armour    |       |    46 |    75 |    11 |       ||   132
Dodge: Dodged            |    39 |    87 |   175 |   237 |    26 ||   564
Block: Buckler           |       |       |       |       |     4 ||     4
